Map: New Repugnancy LE

Players

Mez

  • Race: Terran Terran
  • League: Master
  • Spawn Location: 1:00

SunSet - Winner!

  • Race: Protoss Protoss
  • League: Grandmaster
  • Spawn Location: 7:00

VOD

Have the link to the VOD?

Description

Time

  • Played on: Aug. 10, 2019, 10:15 a.m.
  • Length: 7:51
Show
View Real Time Build Order
Export as new Build Order

Mez Terran 

Build Orders: Reaper Expand 

Get SALT Encoding   

  12  0:00  SCV  
  13  0:12  SCV  
  14  0:17  Supply Depot  
  14  0:25  SCV  
  15  0:38  SCV  
  15  0:40  Barracks  
  16  0:44  Refinery  
  16  0:51  SCV  
  17  1:03  SCV  
  18  1:15  SCV  
  19  1:27  Reaper  
  19  1:28  Orbital Command  
  20  1:42  Command Center  
  20  1:53  Bunker  
  20  1:55  SCV  
  20  2:00  Barracks Reactor  
  21  2:08  SCV  
  22  2:10  Supply Depot  
  22  2:20  SCV  
  23  2:39  Command Center  
  23  2:42  Factory  
  23  2:44  SCV  
  23  2:49  Marine x2  
  26  2:59  Orbital Command  
  26  3:04  SCV  
  26  3:05  Refinery  
  27  3:08  Marine x2  
  29  3:16  SCV  
  30  3:26  Widow Mine, Marine x2  
  34  3:28  SCV  
  34  3:32  Starport  
  35  3:35  SCV  
  35  3:40  SCV  
  37  3:51  SCV  
  37  3:52  SCV  
  38  3:56  Marine x2  
  38  3:57  Widow Mine  
  42  4:03  SCV  
  42  4:04  Refinery, Orbital Command  
  42  4:07  SCV  
  44  4:12  Starport Tech Lab  
  44  4:13  Marine, Supply Depot  
  44  4:14  Marine  
  44  4:15  SCV  
  47  4:21  Factory Tech Lab  
  47  4:22  SCV  
  48  4:27  SCV  
  49  4:32  Marine x2  
  49  4:34  Raven  
  53  4:38  Barracks  
  53  4:39  Supply Depot  
  53  4:40  Siege Tank  
  53  4:43  SCV x2  
  53  4:45  SCV  
  59  4:50  Barracks  
  59  4:54  Marine x2  
  59  4:55  SCV x2  
  59  4:57  SCV  
  64  5:01  Refinery  
  64  5:03  Supply Depot  
  64  5:07  SCV x2  
  64  5:13  Siege Tank, Orbital Command  
  69  5:17  Marine x2  
  71  5:31  Engineering Bay  
  71  5:33  Engineering Bay, SCV  
  71  5:34  SCV  
  73  5:36  Barracks  
  73  5:37  Barracks  
  73  5:38  Starport Reactor  
  69  5:50  Marauder  
  69  5:53  SCV x3  
  74  5:59  Marine x2  
  74  6:03  Factory Reactor  
  76  6:05  SCV x3  
  76  6:10  Marauder  
  80  6:15  Supply Depot  
  80  6:17  SCV x2, Supply Depot  
  80  6:18  SCV  
  83  6:22  Marauder  
  83  6:23  Combat Shield  
  85  6:37  Marine x2  
  85  6:39  Medivac x2  
  91  6:41  Barracks Reactor, Marauder, Barracks Tech Lab  
  91  6:43  Marine  
  93  6:54  Marine  
  93  6:56  SCV x3  
  97  7:01  Marauder  
  97  7:02  Supply Depot x2  
  97  7:04  Marauder, Supply Depot  
  101  7:09  SCV x2, Marine  
  101  7:10  Widow Mine, SCV, Refinery, Marauder  
  109  7:22  Marine x2  
  109  7:23  SCV, Marine  
  109  7:24  Widow Mine, Marine, Marauder  
Show
View Real Time Build Order
Export as new Build Order

SunSet Protoss - Winner!

Build Orders: 1 Gate Expand, Blink Stalkers 

Get SALT Encoding   

  12  0:01  Probe  
  13  0:13  Probe  
  14  0:19  Pylon  
  14  0:25  Probe  
  15  0:33  Probe  
  15  0:41  Probe  
  16  0:43  Gateway  
  17  0:51  Probe  
  17  0:53  Assimilator  
  18  1:03  Probe  
  19  1:22  Nexus  
  19  1:30  Cybernetics Core  
  19  1:33  Probe  
  19  1:38  Assimilator  
  20  1:45  Probe  
  21  2:00  Pylon  
  22  2:07  Stalker  
  22  2:08  Warp Gate  
  23  2:16  Probe  
  23  2:20  Twilight Council  
  24  2:24  Probe  
  24  2:28  Blink  
  25  2:32  Probe  
  25  2:33  Probe  
  27  2:37  Stalker  
  27  2:41  Probe  
  29  2:44  Probe  
  29  2:49  Probe  
  31  2:56  Probe  
  33  3:00  Probe  
  34  3:08  Probe  
  35  3:12  Probe  
  35  3:17  Robotics Facility  
  36  3:20  Probe  
  36  3:25  Probe, Pylon  
  38  3:28  Gateway  
  38  3:32  Probe  
  39  3:37  Probe  
  40  3:44  Probe  
  40  3:53  Probe  
  40  3:55  Gateway x2  
  41  3:58  Probe  
  41  3:59  Pylon  
  42  4:03  Stalker  
  42  4:05  Probe, Observer  
  46  4:11  Assimilator, Probe  
  47  4:19  Probe, Observer  
  47  4:23  Probe  
  49  4:26  Charge  
  49  4:27  Stalker  
  49  4:30  Warp Prism  
  49  4:31  Stalker  
  54  4:34  Probe  
  54  4:36  Probe  
  58  4:47  Pylon  
  58  4:52  Nexus  
  58  4:53  Pylon  
  58  4:55  Probe x2  
  60  5:05  Stalker x2  
  64  5:07  Probe  
  65  5:22  Probe  
  65  5:23  Probe  
  66  5:29  Forge  
  66  5:31  Forge  
  66  5:34  Stalker, Pylon  
  66  5:35  Stalker, Probe x2  
  72  5:51  Stalker  
  72  5:52  Stalker  
  76  5:57  Probe  
  76  5:58  Probe  
  76  5:59  Gateway  
  76  6:01  Gateway  
  76  6:12  Zealot x2  
  76  6:17  Zealot x2  
  84  6:18  Probe  
  84  6:19  Probe x2  
  87  6:31  Probe x2  
  89  6:36  Zealot x2  
  89  6:38  Zealot x2  
  89  6:39  Probe  
  98  6:45  Probe x2  
  100  6:50  Pylon  
  100  6:51  Pylon  
  100  6:54  Pylon  
  98  6:55  Stalker, Photon Cannon  
  98  6:59  Pylon  
  98  7:01  Pylon  
  100  7:03  Pylon  
  100  7:11  Zealot x2  
  100  7:12  Zealot x3  
  94  7:35  Stalker x4  
  94  7:36  Stalker x2  
Tags
 
Add a new tag
Caveats
  • Supply blocks, unpowered buildings, or Contaminate may cause inaccurate times.
  • Supply counts are checked every 10 seconds.